[Event "21st Alekhine Master 2017"]
[Site "Voronezh"]
[Date "2017.06.16"]
[Round "5"]
[White "Bakunts, Rafael"]
[Black "Mozharov, Mikhail"]
[Result "1/2-1/2"]
[ECO "B33"]
[WhiteElo "2397"]
[BlackElo "2536"]
[Annotator "ChessBase"]
[PlyCount "76"]
[EventDate "2017.??.??"]
[EventType "swiss"]
[EventCountry "RUS"]
[SourceTitle "playchess.com"]
[Source "ChessBase"]
[SourceQuality "1"]
[TimeControl "40/5400+30:1800+30"]

1. e4 c5 2. Nf3 Nc6 3. d4 cxd4 4. Nxd4 Nf6 5. Nc3 e5 6. Ndb5 d6 7. Bg5 a6 8. Na3 b5 9. Nd5 Be7 10. Bxf6 Bxf6 11. c4 b4 12. Nc2 a5 13. g3 Bg5 14. h4 Bh6 15. Bh3 O-O 16. Bxc8 Rxc8 17. b3 Ne7 18. g4 Bf4 19. Nxf4 exf4 20. Nd4 Re8 21. Kf1 Ng6 22. h5 Ne5 23. f3 a4 24. Qd2 Ra8 25. Kg2 Qf6 26. Rac1 axb3 27. axb3 Ra6 28. Ra1 Rea8 29. Rxa6 Rxa6 30. Rc1 g6 31. hxg6 hxg6 32. Ne2 Nxg4 33. Qxf4 Qb2 34. Re1 Ne5 35. Kg3 Nd3 36. Qg4 Nxe1 37. Nf4 Ra8 38. Nxg6 Qg2+ 1/2-1/2

[Event "21st Alekhine Master 2017"]
[Site "Voronezh"]
[Date "2017.06.20"]
[Round "8"]
[White "Paravyan, David"]
[Black "Nihal Sarin"]
[Result "*"]
[ECO "D31"]
[WhiteElo "2521"]
[BlackElo "2454"]
[Annotator "RC"]
[PlyCount "124"]
[EventDate "2017.??.??"]
[EventType "swiss"]
[EventCountry "RUS"]
[SourceTitle "playchess.com"]
[Source "ChessBase"]
[SourceQuality "1"]
[TimeControl "40/5400+30:1800+30"]

1. d4 d5 2. c4 e6 3. Nc3 c6 4. e3 Nf6 5. Qc2 Nbd7 6. Bd2 Bd6 7. cxd5 exd5 8. Bd3 O-O 9. Nge2 Re8 10. O-O a6 11. Rad1 g6 12. Nf4 Nf8 13. f3 Ne6 14. Nxe6 Bxe6 15. e4 dxe4 16. fxe4 Bb4 17. Kh1 Bg4 18. Rde1 Qxd4 19. Be3 Qe5 20. Bf4 Qd4 21. e5 Rad8 22. Be4 Nh5 23. Be3 Qxe5 24. Qb3 Qe7 25. Bb6 Be6 26. Bxd8 Rxd8 27. Qc2 Qh4 28. Qf2 Qxf2 29. Rxf2 Kg7 30. Bc2 Nf6 31. Bb3 Bxb3 32. axb3 Rd7 33. Rd1 Rxd1+ 34. Nxd1 Nd5 35. Re2 Nc7 36. Re4 a5 37. Ne3 Ne6 38. Nc2 Bc5 39. Ra4 b6 40. g4 Kf6 41. Kg2 h6 42. Re4 Ke7 43. b4 axb4 44. Nxb4 Kd6 45. Nc2 Kd5 46. Re1 Kc4 47. Rf1 Kb3 48. Ne1 Bd4 49. Rxf7 Bxb2 50. Kf1 Bc3 51. Nd3 Kc2 52. Ke2 b5 53. Rb7 Bd2 54. Rd7 Nf4+ 55. Nxf4 Bxf4 56. h4 Be5 57. Rb7 Bc3 58. Rb6 b4 59. Rxc6 b3 60. Rxg6 b2 61. Rb6 b1=Q 62. Rxb1 Kxb1 *